 Dungeon Crawl Stone Soup version 0.31-a0-152-g6aa68a64a1 (webtiles) character file.

Game seed: 1831752360311942612

164 zazu2006 the Cutter (level 5, -9/41 HPs)
             Began as a Gnoll Wanderer on June 9, 2023.
             Mangled by an ogre
             ... wielding a +0 giant club
              (20 damage)
             ... on level 3 of the Dungeon.
             The game lasted 00:07:08 (2726 turns).

zazu2006 the Cutter (Gnoll Wanderer)                Turns: 2726, Time: 00:07:09

Health: -9/41      AC:  4    Str: 10    XL:     5   Next: 45%
Magic:  4/9        EV: 12    Int: 13    God:
Gold:   79         SH:  0    Dex: 13    Spells: 9/10 levels left

rFire   . . .        v - +4 short sword
rCold   . . .        (no shield)
rNeg    . . .        k - +0 leather armour
rPois   +            q - +0 helmet
rElec   .            (no cloak)
rCorr   .            (no gloves)
SInv    .            (no boots)
Will    +....        (no amulet)
Stlth   ++           g - ring of willpower
HPRegen 0.26/turn    c - ring of poison resistance
MPRegen 0.11/turn

%: no passive effects
@: no status effects
A: fangs 1, strong nose, distributed training
a: no special abilities


You were on level 3 of the Dungeon.
You visited 1 branch of the dungeon, and saw 3 of its levels.

You collected 134 gold pieces.
You spent 55 gold pieces at shops.

Inventory:

Hand Weapons
 v - a +4 short sword (weapon)
Missiles
 b - 10 boomerangs (quivered)
 f - 4 poisoned darts
Armour
 k - a +0 leather armour (worn)
 q - a +0 helmet (worn)
Jewellery
 c - a ring of poison resistance (right hand)
 g - a ring of willpower (left hand)
Scrolls
 d - a scroll of fog
 e - a scroll of enchant armour {unknown}
 h - a scroll of amnesia {unknown}
 m - a scroll of fear {unknown}
 o - a scroll of identify
 p - a scroll of teleportation
 r - a scroll of torment {unknown}
 s - a scroll of summoning {unknown}
 t - a scroll of poison {unknown}
Potions
 a - a potion of magic {unknown}
 i - 2 potions of enlightenment {unknown}
 j - a potion of heal wounds {unknown}
 l - a potion of cancellation {unknown}
 n - a potion of haste {unknown}
 u - a potion of curing {unknown}


   Skills:
 + Level 3.0 Fighting
 + Level 6.7 Short Blades
 + Level 1.6 Long Blades
 + Level 1.6 Axes
 + Level 1.6 Maces & Flails
 + Level 1.6 Polearms
 + Level 1.6 Staves
 + Level 1.6 Ranged Weapons
 + Level 3.0 Throwing
 + Level 3.0 Armour
 + Level 3.0 Dodging
 + Level 1.6 Stealth
 + Level 1.6 Shields
 + Level 1.6 Unarmed Combat
 + Level 3.2 Spellcasting
 + Level 1.2 Conjurations
 + Level 1.2 Hexes
 + Level 1.2 Summonings
 + Level 1.2 Necromancy
 + Level 1.2 Translocations
 + Level 1.2 Transmutations
 + Level 1.2 Fire Magic
 + Level 1.2 Ice Magic
 + Level 1.2 Air Magic
 + Level 2.4 Earth Magic
 + Level 1.2 Poison Magic
 + Level 1.8 Invocations
 + Level 3.0 Evocations


You had 9 spell levels left.
You knew the following spells:

 Your Spells              Type           Power      Damage    Failure   Level
a - Sandblast             Erth           16%        2d6       11%         1

Your spell library contained the following spells:

 Spells                   Type           Power      Damage    Failure   Level
 Ensorcelled Hibernation  Hex/Ice        10%        N/A       26%         2
 Stone Arrow              Conj/Erth      12%        3d7       38%         3
 Dazzling Flash           Conj/Hex       10%        N/A       45%         3
 Spider Form              Tmut/Pois      5%         N/A       45%         3
 Anguish                  Hex/Necr       2%         N/A       86%         4
 Agony                    Necr           5%         N/A       99%         5
 Silence                  Hex/Air        2%         N/A       99%         5


Dungeon Overview and Level Annotations

Branches:
Dungeon (3/15)

Altars:
Qazlal

Shops:
D:2 ((?(   D:3 (


Innate Abilities, Weirdness & Mutations

You have very sharp teeth.
Your uncanny sense of smell can sniff out nearby items.
Your experience applies equally to all skills.


Message History

Unknown command.
Casting: Sandblast (safe; 11% risk of failure)
Confirm with . or Enter, or press ? or * to list all spells.
Aiming: Sandblast (safe; 11% risk of failure)
Press: ? - help, Shift-Dir - straight line, f/p - ogre
Aim: an ogre, wielding a +0 giant club (moderately wounded, 91% to hit)
The blast of sand hits the ogre.
The ogre is heavily wounded.
The ogre hits you with a +0 giant club!!
Ouch! That really hurt!
* * * LOW HITPOINT WARNING * * *
Unknown command.
Casting: Sandblast (safe; 11% risk of failure)
Confirm with . or Enter, or press ? or * to list all spells.
Aiming: Sandblast (safe; 11% risk of failure)
Press: ? - help, Shift-Dir - straight line, f/p - ogre
Aim: an ogre, wielding a +0 giant club (heavily wounded, 91% to hit)
The blast of sand hits the ogre!
The ogre is severely wounded.
The ogre barely misses you.
Unknown command.
Casting: Sandblast (safe; 11% risk of failure)
Confirm with . or Enter, or press ? or * to list all spells.
Aiming: Sandblast (safe; 11% risk of failure)
Press: ? - help, Shift-Dir - straight line, f/p - ogre
Aim: an ogre, wielding a +0 giant club (severely wounded, 91% to hit)
The blast of sand hits the ogre but does no damage.
The ogre is severely wounded.
The ogre misses you.
Unknown command.
Unknown command.
Casting: Sandblast (safe; 11% risk of failure)
Confirm with . or Enter, or press ? or * to list all spells.
Aiming: Sandblast (safe; 11% risk of failure)
Press: ? - help, Shift-Dir - straight line, f/p - ogre
Aim: an ogre, wielding a +0 giant club (severely wounded, 91% to hit)
The blast of sand hits the ogre.
The ogre is almost dead.
The ogre hits you with a +0 giant club!!
You die...

#.# #.....#
#.####.....# .#
..∩.....#### ..
#.#####.# ..
#.#####.# .#
.....##.# .#
#.##.##.# .#
#.##.##.#########O#
#...............@.#
.###.##.###########
.# #....# .# ######
.# .# .# .# ##


You could see an ogre.

Vanquished Creatures
  An orc wizard (D:3)
  7 adders
  A worm (D:3)
  2 dart slugs (D:1)
  6 orcs (D:3)
  8 ball pythons
  6 bats
  4 endoplasms
  2 giant cockroaches
  7 goblins
  6 hobgoblins
  5 kobolds
  4 frilled lizards
  4 rats
63 creatures vanquished.

Notes
Turn   | Place    | Note
-------+----------+-------------------------------------------
     0 | D:1      | zazu2006 the Gnoll Wanderer began the quest for the Orb.
     0 | D:1      | zazu2006 set off with the following items: a +2 short
                  | sword, 7 boomerangs, a +0 dagger, a scroll of fog, a +0
                  | robe; and the following spell memorised: Sandblast; and the
                  | following spells available to memorise: Stone Arrow.
     0 | D:1      | Reached XP level 1. HP: 17/17 MP: 4/4
   158 | D:1      | Reached XP level 2. HP: 23/23 MP: 5/5
   356 | D:1      | Reached XP level 3. HP: 24/28 MP: 7/7
   590 | D:1      | Found a faded altar of an unknown god.
   734 | D:2      | Found Vahew's Antique Weapon Shoppe.
   770 | D:2      | Reached skill level 1 in Invocations
   998 | D:2      | Reached skill level 1 in Long Blades
   998 | D:2      | Reached skill level 1 in Axes
   998 | D:2      | Reached skill level 1 in Maces & Flails
   998 | D:2      | Reached skill level 1 in Polearms
   998 | D:2      | Reached skill level 1 in Staves
   998 | D:2      | Reached skill level 1 in Ranged Weapons
   998 | D:2      | Reached skill level 1 in Stealth
   998 | D:2      | Reached skill level 1 in Shields
   998 | D:2      | Reached skill level 1 in Unarmed Combat
  1107 | D:2      | Found Xeecioru's Magic Scroll Shop.
  1155 | D:2      | Bought a scroll of identify for 22 gold pieces
  1155 | D:2      | Bought a scroll of teleportation for 33 gold pieces
  1189 | D:2      | Reached XP level 4. HP: 27/34 MP: 4/8
  1252 | D:2      | Found Mashuecu's Weapon Emporium.
  1804 | D:2      | Found Volar's Antique Weapon Boutique.
  1856 | D:3      | Reached skill level 1 in Conjurations
  1856 | D:3      | Reached skill level 1 in Hexes
  1856 | D:3      | Reached skill level 1 in Summonings
  1856 | D:3      | Reached skill level 1 in Necromancy
  1856 | D:3      | Reached skill level 1 in Translocations
  1856 | D:3      | Reached skill level 1 in Transmutations
  1856 | D:3      | Reached skill level 1 in Fire Magic
  1856 | D:3      | Reached skill level 1 in Ice Magic
  1856 | D:3      | Reached skill level 1 in Air Magic
  1856 | D:3      | Reached skill level 1 in Poison Magic
  1927 | D:3      | Found a stormy altar of Qazlal.
  2151 | D:3      | Reached XP level 5. HP: 40/40 MP: 6/9
  2683 | D:3      | Found Oreqaic's Weapon Shoppe.
  2720 | D:3      | Noticed an ogre
  2726 | D:3      | Mangled by an ogre

Illustrated notes

Levels and vault maps discovered:
D:1:      dpeg_arrival_renting, layout_rooms,
          shapermc_ecumenical_altar_hornbeckon
D:2:      layout_basic, serial_shops, shop, nicolae_shop_crystal,
          nicolae_shop_waterfront, nicolae_shop_real_fake_doors
D:3:      layout_loops_cross, nemelex_dance_club_becter,
          mainiacjoe_overflow_paths, serial_shops, shop

Skill      XL: |  1  2  3  4  5 |
---------------+----------------+-----
Earth Magic    | 2 |  2.4
Invocations    | 1 |  1.8
Long Blades    | 1 |  1.6
Axes           | 1 |  1.6
Maces & Flails | 1 |  1.6
Polearms       | 1 |  1.6
Staves         | 1 |  1.6
Ranged Weapons | 1 |  1.6
Stealth        | 1 |  1.6
Shields        | 1 |  1.6
Unarmed Combat | 1 |  1.6
Spellcasting   | 3 |  3.2
Conjurations   | 1 |  1.2
Hexes          | 1 |  1.2
Summonings     | 1 |  1.2
Necromancy     | 1 |  1.2
Translocations | 1 |  1.2
Transmutations | 1 |  1.2
Fire Magic     | 1 |  1.2
Ice Magic      | 1 |  1.2
Air Magic      | 1 |  1.2
Poison Magic   | 1 |  1.2
Fighting       | 3 |  3.0
Throwing       | 3 |  3.0
Armour         | 3 |  3.0
Dodging        | 3 |  3.0
Evocations     | 3 |  3.0
Short Blades   | |  6.7

Action                     |  1- 3 |  4- 6 || total
---------------------------+-------+-------++-------
  Melee: Short sword       |    96 |    25 ||   121
         Bite              |     8 |       ||     8
         Punch             |       |     1 ||     1
  Throw: Boomerang         |       |     1 ||     1
   Cast: Sandblast         |     8 |    54 ||    62
    Use: Potion            |     1 |       ||     1
   Stab: Sleeping          |     2 |       ||     2
 Armour: Robe              |    14 |     1 ||    15
         Leather armour    |       |    15 ||    15
  Dodge: Dodged            |    44 |    24 ||    68

Table legend: (Time is in decaauts)
 A = Elapsed time spent in this place.
 B = Non-inter-level travel time spent in this place.
 C = Inter-level travel time spent in this place.
 D = Time resting spent in this place.
 E = Time spent auto-exploring this place.
 F = Levels seen in this place.
 G = Mean time per level.
                   A        B        C        D        E       F      G
               +--------+--------+--------+--------+--------+-----+--------+
         Total |   2720 |   2669 |     51 |      0 |   2140 |   3 |  906.7 |
       Dungeon |   2720 |   2669 |     51 |      0 |   2140 |   3 |  906.7 |
               +--------+--------+--------+--------+--------+-----+--------+

Top non-repeatable levels by time:
     D:2: 1107 daAuts
     D:3: 907 daAuts
     D:1: 705 daAuts
